Cogmind - Beta 14 --- EXPLORER MODE // 2024.11.19 @ 23:29:42 Player: Nah Bohdi Result: Destroyed by DE-PJU(R) with Subdweller Beam Cannon Performance ------------- Evolutions (0) 0 Regions Visited (3) 600 Robots Destroyed (42) 210 Value Destroyed (1256) 1256 Prototype IDs (15) 300 Alien Tech Used (0) 0 Bonus (84) 84 TOTAL SCORE: 2450 Bonus ------- Follower Combat Kills 90 Friendly Fire -6 Cogmind --------- Core Integrity 0/250 Matter 300/300 Energy 200/200 System Corruption 0% Temperature Cool (9) Movement Rolling (95) Location -10/Subcaves Parts ------- > --- POWER (1) -------- Subdweller Power Source > --- PROPULSION (2) --- Wheel Subdweller Monowheel > --- UTILITY (3) ------ Medium Storage Unit Core Shielding Propulsion Shielding > --- WEAPON (2) ------- Subdweller Machine Gun Makeshift Axe > --- INVENTORY (10) --- Light Ion Engine Flightbrick Subdweller Laser Beam Cannon Subdweller Beam Cannon Light Cannon Subdweller Shrapnel Launcher Peak State ------------ > --- POWER ------------ Ion Engine > --- PROPULSION ------- Subdweller Monowheel Subdweller Monowheel > --- UTILITY ---------- Medium Storage Unit Core Shielding Gun Armor > --- WEAPON ----------- Subdweller Beam Cannon Subdweller Machine Gun Barrage Gun Maul > --- INVENTORY -------- Flightbrick Disposable Heat Sink Propulsion Shielding Subdweller Laser Beam Cannon Beam Cannon [Rating: 29] Favorites ----------- Power Ion Engine Engine Ion Engine Propulsion Aluminum Leg Leg Aluminum Leg Wheel Subdweller Monowheel Utility Medium Storage Unit Storage Medium Storage Unit Processor Targeting Computer Protection Core Shielding Weapon Beam Cannon Energy Gun Improved EM Shotgun Energy Cannon Beam Cannon Ballistic Gun Subdweller Machine Gun Ballistic Cannon Battle Cannon Launcher Subdweller Shrapnel Launcher Impact Weapon Maul Slashing Weapon Makeshift Axe Build | -11 -10 -10 -10 ------- Run | Yrd Mat Min Sub Slots Evolved 1 | . 1 . . Power . | . . . . Propulsion . | . . . . Utility 1 | . 1 . . Weapon . | . . . . Parts Attached 79 | 7 12 1 59 Power 11 | 1 . . 10 Engine 11 | 1 . . 10 Core . | . . . . Reactor . | . . . . Propulsion 24 | 1 5 1 17 Treads . | . . . . Leg 19 | 1 5 1 12 Wheel 5 | . . . 5 Hover . | . . . . Flight . | . . . . Utility 9 | 3 2 . 4 Device . | . . . . Storage 2 | 1 1 . . Processor 2 | 1 1 . . Hackware . | . . . . Protection 5 | 1 . . 4 Artifact . | . . . . Weapon 35 | 2 5 . 28 Energy Gun 4 | 1 2 . 1 Energy Cannon 10 | . 3 . 7 Ballistic Gun 9 | 1 . . 8 Ballistic Cannon 3 | . . . 3 Launcher 3 | . . . 3 Special Weapon . | . . . . Impact Weapon 5 | . . . 5 Slashing Weapon 1 | . . . 1 Piercing Weapon . | . . . . Special Melee Weapon . | . . . . Unidentified Prototypes 1 | . 1 . . Parts Lost 7 | . . . 7 Power 1 | . . . 1 Propulsion 3 | . . . 3 Utility 2 | . . . 2 Weapon 1 | . . . 1 Highest Loss Streak 2 | . . . 2 To Critical Strikes . | . . . . Average Slot Usage (%) 96 | . 91 100 97 Engine 11 | . 12 12 11 Leg 15 | . 24 25 12 Wheel 6 | . . . 9 Storage 11 | . 12 12 11 Processor 10 | . 17 25 7 Protection 11 | . . . 14 Energy Gun 6 | . 5 25 4 Energy Cannon 9 | . 14 . 10 Ballistic Gun 7 | . 4 . 9 Ballistic Cannon 1 | . . . 1 Impact Weapon 2 | . . . 3 Peak Build Rating 29 | 6 13 13 29 Average Rating 16 | 5 7 13 19 On Entrance 8 | . 6 13 13 Naked Turns . | . . . . Heaviest Build 38 | 14 21 21 38 Greatest Support 40 | 10 20 20 40 Greatest Overweight (x) 12 | 1 1 1 12 Average Overweight (x) 1 | . . 1 2 Largest Inventory Capacity 10 | 8 10 10 10 Average Capacity 9 | 6 8 10 10 Most Carried 10 | 5 10 10 10 Average Carried 9 | 3 7 10 9 Final Capacity 10 | 8 10 10 10 Final Carried 10 | 5 10 10 10 Class Distribution -------------------- 72% | Hacker-Mutant 27% | Hacker-Tank Dominant Class ---------------- Hacker-Mutant | -10/Materials Hacker-Mutant | -10/Mines Hacker-Mutant | -10/Subcaves Resources | -11 -10 -10 -10 ----------- Run | Yrd Mat Min Sub Matter Collected 1399 | 273 151 60 915 Remotely . | . . . . Salvage Created 1682 | 97 408 219 958 Parts 93 | 3 22 6 62 Haulers Intercepted . | . . . . Recyclers Shooed 1 | . 1 . . Parts Field Recycled . | . . . . Retrieved Matter . | . . . . Parts Self-Destructed . | . . . . Prevented . | . . . . Kills | -11 -10 -10 -10 ------- Run | Yrd Mat Min Sub Combat Hostiles Destroyed 32 | . 7 . 25 Melee 5 | . . . 5 Guns 15 | . 5 . 10 Cannons 6 | . 2 . 4 AOE 5 | . . . 5 Classes Destroyed 8 | 1 3 1 3 Tunneler 1 | . . 1 . Recycler 4 | 1 1 2 . Turret 2 | . . . 2 Watcher 3 | . 3 . . Swarmer 6 | . 2 . 4 Grunt 7 | . 5 . 2 Artisan 2 | . . . 2 Subdweller 19 | . . . 19 Best Kill Streak 4 | 1 4 1 4 Combat Bots Only 4 | . 3 . 4 Max Kills in Single Turn 2 | 1 1 1 2 Gunslinging . | . . . . Exploded 2 | . . . 2 Melee 1 | . . . 1 Uniques/NPCs Destroyed . | . . . . Combat | -11 -10 -10 -10 -------- Run | Yrd Mat Min Sub Hostile Shots Fired 206 | . 47 . 159 Missed 66 | . 12 . 54 Damage Taken 1659 | . 230 18 1411 Core 258 | . 45 . 213 Absorbed by Shields . | . . . . Redirected to Shielding 43 | . . . 43 Ignored by Resistances 981 | . 151 11 819 Core Remaining (%) 100 | 100 . . . Volleys Fired 106 | 1 30 9 66 Largest 4 | 2 2 2 4 Hottest 198 | 70 120 90 198 Shots Fired 209 | 2 60 18 129 Gun 132 | 2 45 18 67 Cannon 70 | . 15 . 55 Launcher 7 | . . . 7 Special . | . . . . Kinetic 95 | 1 27 . 67 Thermal 82 | 1 33 . 48 Explosive . | . . . . Electromagnetic 32 | . . 18 14 Robot Hit Streak 33 | 2 17 15 33 Robot Miss Streak 2 | . 2 1 1 Penetration Max . | . . . . Secondary Targets 5 | . 2 . 3 Max Gunslinging Chain 1 | . 1 . 1 Shots Hit Robots 171 | 2 40 10 119 Core Hits 70 | 2 19 6 43 Critical Kills . | . . . . Critical Parts Destroyed . | . . . . Critical Strikes 2 | . 1 . 1 Burn 1 | . 1 . . Smash 1 | . . . 1 Melee Attacks 62 | . . . 62 Impact 32 | . . . 32 Slashing 30 | . . . 30 Piercing . | . . . . Sneak Attacks 3 | . . . 3 Combat Hostiles . | . . . . Follow-up Attacks . | . . . . Damage Inflicted 3737 | 23 578 215 2921 Guns 1580 | 23 452 209 896 Cannons 738 | . 126 . 612 Explosions 768 | . . 6 762 Melee 651 | . . . 651 Ramming . | . . . . Kinetic 1686 | 10 229 . 1447 Thermal 934 | 13 349 6 566 Explosive . | . . . . Electromagnetic 466 | . . 209 257 Impact 141 | . . . 141 Slashing 510 | . . . 510 Piercing . | . . . . Highest Corruption . | . . . . Average Corruption . | . . . . Corruption Purged . | . . . . Corruption Blocked . | . . . . Overload Shots . | . . . . Overflow Damage 70 | . . . 70 Projectiles . | . . . . Explosions . | . . . . Melee 70 | . . . 70 Knockbacks 2 | . . . 2 Impact 1 | . . . 1 Kinetic 1 | . . . 1 Secondary . | . . . . Self-Inflicted Damage 28 | . . 19 9 Shots 2 | . . 1 1 Rammed . | . . . . Targets Rammed . | . . . . Kicked . | . . . . Crushed . | . . . . Highest Temperature 180 | 9 180 60 156 Average Temperature 45 | 6 44 21 59 Received Heat Transfer 537 | . 150 . 387 Siege Activations . | . . . . Robots Corrupted 1 | . . . 1 Combat Hostiles 1 | . . . 1 Parts Fried 2 | . . 1 1 Impact Corruptions 2 | . . . 2 Robots Melted . | . . . . Combat Hostiles . | . . . . Parts Melted 5 | . 2 . 3 Heat Transferred 2074 | 37 999 50 988 Parts Sabotaged . | . . . . Parts Stolen . | . . . . Parts Stripped . | . . . . Power Chain Reactions 2 | . . 1 1 Alert | -11 -10 -10 -10 ------- Run | Yrd Mat Min Sub Peak Influence 172 | 5 172 64 . Initial 2 | . 2 . . Average 36 | 3 54 20 . Maximum Alert Level . | . . . . Low Security (%) 100 | 100 100 100 . Level 1 . | . . . . Level 2 . | . . . . Level 3 . | . . . . Level 4 . | . . . . Level 5 . | . . . . High Security . | . . . . Max Security . | . . . . Squads Dispatched 1 | . 1 . . Investigation 1 | . 1 . . Extermination . | . . . . Reinforcement . | . . . . Assault . | . . . . Garrison . | . . . . Intercept . | . . . . Searches Triggered . | . . . . Construction Impeded . | . . . . Haulers Reinforced . | . . . . Active Scanning Responses . | . . . . Cargo Convoy Interrupts . | . . . . Stealth | -11 -10 -10 -10 --------- Run | Yrd Mat Min Sub Distress Signals 1 | . 1 . . Communications Jammed . | . . . . Distress Signals . | . . . . Times Spotted 42 | . 10 2 30 Peak Tracking Total 3 | . 3 2 3 Tactical Retreats 5 | . . . 5 Traps | -11 -10 -10 -10 ------- Run | Yrd Mat Min Sub Traps Triggered 2 | . 1 . 1 Indirectly . | . . . . Trap Hack Attempts . | . . . . Triggered . | . . . . Disarmed . | . . . . Reprogrammed . | . . . . Reused . | . . . . Traps Extracted . | . . . . Installed . | . . . . Triggered . | . . . . Machines | -11 -10 -10 -10 ---------- Run | Yrd Mat Min Sub Machines Disabled 4 | . . 2 2 Max in Single Turn 2 | . . 2 1 Machines Repaired . | . . . . Machines Dismantled . | . . . . Machines Sabotaged . | . . . . Overloaded Fab Kills . | . . . . Hacking | -11 -10 -10 -10 --------- Run | Yrd Mat Min Sub Machines Accessed 12 | . 9 1 2 Terminals 8 | . 7 1 . Fabricators . | . . . . Repair Stations . | . . . . Recycling Units 2 | . 2 . . Scanalyzers . | . . . . Garrison Access . | . . . . Total Hacks 26 | . 15 1 10 Successful 23 | . 12 1 10 Failed 3 | . 3 . . Catastrophic . | . . . . Database Lockouts . | . . . . Manual . | . . . . Terminals 14 | . 13 1 . Fabricators . | . . . . Repair Stations . | . . . . Recycling Units 2 | . 2 . . Scanalyzers . | . . . . Garrison Access . | . . . . Terminal Hacks 21 | . 10 1 10 Record 10 | . 1 . 9 Robot Analysis 1 | . 1 . . Prototype ID Bank 2 | . 2 . . Branch Access Points 1 | . 1 . . Locate Traps 2 | . 2 . . Patrol Status 1 | . . 1 . Registered Components 1 | . 1 . . Registered Prototypes 1 | . 1 . . Zone Layout 1 | . 1 . . Derelict Proto ID Bank 1 | . . . 1 Fabricator Hacks . | . . . . Repair Station Hacks . | . . . . Recycling Unit Hacks 2 | . 2 . . Report Inventory 2 | . 2 . . Scanalyzer . | . . . . Garrison Access Hacks . | . . . . Unauthorized Hacks . | . . . . Terminals . | . . . . Fabricators . | . . . . Repair Stations . | . . . . Recycling Units . | . . . . Scanalyzers . | . . . . Garrison Access . | . . . . Data Cores Recovered . | . . . . Used . | . . . . Hacking Detections 3 | . 3 . . Full Trace Events 1 | . 1 . . Feedback Events . | . . . . Feedback Blocked . | . . . . Robot Schematics Acquired . | . . . . Robots Built . | . . . . Authchips . | . . . . Time . | . . . . Total Robot Build Rating . | . . . . Part Schematics Acquired . | . . . . Parts Built . | . . . . Authchips . | . . . . Time . | . . . . Total Part Build Rating . | . . . . Parts Repaired . | . . . . Time . | . . . . Parts Recycled . | . . . . Recycled Matter . | . . . . Retrieved Matter . | . . . . Retrieved Components . | . . . . Parts Scanalyzed . | . . . . Part Schematics Acquired . | . . . . Parts Damaged . | . . . . Bothacking | -11 -10 -10 -10 ------------ Run | Yrd Mat Min Sub Used RIF Installer . | . . . . Robots Hacked . | . . . . Non-combat . | . . . . Combat . | . . . . Robot Hacks Applied . | . . . . Relay Couplers Released . | . . . . Fabnet Peak Effective % . | . . . . Robots Rewired . | . . . . Allies Hacked . | . . . . Hacks Repelled . | . . . . Allies | -11 -10 -10 -10 -------- Run | Yrd Mat Min Sub Total Allies 2 | . . 2 . Largest Group 2 | . . 2 1 Highest-Rated Group 41 | . . 41 31 Highest-Rated Ally 31 | . . 31 31 Total Orders . | . . . . Ally Attacks 12 | . . 4 8 Total Damage 210 | . . 83 127 Kills 3 | . . 2 1 Allies Corrupted . | . . . . Allies Melted . | . . . . Intel | -11 -10 -10 -10 ------- Run | Yrd Mat Min Sub Robot Analysis Total 1 | . 1 . . Derelict Logs Recovered 1 | . . . 1 Drone Launches . | . . . . Drone Recoveries . | . . . . Exploration | -11 -10 -10 -10 ------------- Run | Yrd Mat Min Sub Turns Passed 9399 | 89 1175 1188 6947 Spaces Moved 4028 | 49 753 603 2623 Core 426 | 7 . . 419 Treads . | . . . . Legs 2963 | 42 753 603 1565 Wheels 639 | . . . 639 Hover . | . . . . Flight . | . . . . Fastest Speed 50 | 50 120 190 95 Average Speed 212 | 141 134 190 241 Slowest Speed 650 | 190 190 190 650 Overloaded Moves . | . . . . Propulsion Burnouts . | . . . . Robots Hopped . | . . . . Cave-ins Triggered . | . . . . Exploration Rate (%) 70 | 4 99 90 90 Regions Visited 3 Branch Regions 2 Pre-discovered Areas 1 | . . . 1 Known Exits Taken 3 | 1 1 1 . Unknown Exits Taken . | . . . . Scrap Searched 6 | . . 1 5 Spaces Dug 2 | . . . 2 Terrain Destroyed 86 | . . 3 83 Melee 2 | . . . 2 Projectile 1 | . . . 1 AOE 83 | . . 3 80 Terrain Rammed . | . . . . Walls Destroyed . | . . . . Machines Disabled . | . . . . Actions | -11 -10 -10 -10 --------- Run | Yrd Mat Min Sub Total 4565 | 67 853 628 3017 Wait 191 | . 36 15 140 Move 4025 | 48 752 602 2623 Hop . | . . . . Pick Up 53 | 11 14 . 28 Fast Attach 12 | . 3 . 9 Attach 15 | 6 2 . 7 Detach . | . . . . Swap 52 | 1 7 1 43 Drop 49 | . 9 1 39 Fire 106 | 1 30 9 66 Melee 62 | . . . 62 Ram . | . . . . Kick . | . . . . Crush . | . . . . Escape Stasis . | . . . . Rewire . | . . . . Trap . | . . . . Miscellaneous . | . . . . Route ------- -11/Scrapyard -10/Materials (discovered 4 exits: *Mat x3 / *Min) -10/Mines (discovered 3 exits: *Mat x2 / *Sub) -10/Subcaves (discovered 3 exits: *Mat x2 / *Rec) History --------- Turn | Location | Event 9 | -11/Scrapyard | Identified exit to Materials 9 | -11/Scrapyard | Discovered exit to Materials (range 16) 90 | -11/Scrapyard | Entered Materials 90 | -10/Materials | Evolved 1 slot: Utility x1 314 | -10/Materials | Build established: Hacker-Mutant 419 | -10/Materials | Identified exit to Mines 607 | -10/Materials | Identified exit to Materials 607 | -10/Materials | Discovered exit to Materials (range 7) 767 | -10/Materials | Discovered exit to Materials (range 4) 846 | -10/Materials | Discovered exit to Materials (range 15) 1265 | -10/Materials | Entered Mines 1527 | -10/Mines | Found a hidden stash of uninstalled traps 1548 | -10/Mines | Discovered exit to Materials (range 13) 1983 | -10/Mines | Identified exit to Subcaves 1983 | -10/Mines | Discovered exit to Subcaves (range 11) 2114 | -10/Mines | Discovered exit to Materials (range 4) 2453 | -10/Mines | Entered Subcaves 2453 | -10/Subcaves | Accompanied by 1 ally 2458 | -10/Subcaves | Led the pair of lost Derelicts to an unsafe place 2675 | -10/Subcaves | Identified exit to Materials 2675 | -10/Subcaves | Discovered exit to Materials (range 13) 3096 | -10/Subcaves | Discovered exit to Materials (range 9) 3152 | -10/Subcaves | A swath of the cavern ceiling suddenly collapsed 3207 | -10/Subcaves | Shifting Twisted Machinery released Barrage Gun 3873 | -10/Subcaves | A swath of the cavern ceiling suddenly collapsed 4181 | -10/Subcaves | Ambushed by angry Subdweller bent on revenge 4355 | -10/Subcaves | Identified exit to Recycling 4355 | -10/Subcaves | Discovered exit to Recycling (range 14) 4364 | -10/Subcaves | Learned location of Zion (-6) 4715 | -10/Subcaves | A Subdweller sparked back to life 4715 | -10/Subcaves | A Subdweller sparked back to life 4715 | -10/Subcaves | A Subdweller sparked back to life 4722 | -10/Subcaves | Core integrity fell below 50% 4802 | -10/Subcaves | Found Prototype Flight Unit 4839 | -10/Subcaves | Shifting Twisted Machinery released Sub. Power Source 5529 | -10/Subcaves | Core integrity fell below 20% 5531 | -10/Subcaves | Ambushed by Subdweller buried in earth 6378 | -10/Subcaves | Visited 4L-MR0's lab 6384 | -10/Subcaves | Identified Flightbrick 6395 | -10/Subcaves | Found Gun Armor 6397 | -10/Subcaves | Attached Gun Armor, gained temporary slots: Weapon x2 6861 | -10/Subcaves | Build established: Hacker-Tank 7191 | -10/Subcaves | Visited Clippyterm 7592 | -10/Subcaves | Shifting Twisted Machinery released Sub. Machine Gun 7681 | -10/Subcaves | Shifting Twisted Machinery released Scrap Shield 8852 | -10/Subcaves | Disturbed a concealed Subdweller 9285 | -10/Subcaves | Ambushed by angry Subdweller bent on revenge 9400 | -10/Subcaves | Destroyed by DE-PJU(R) with Subdweller Beam Cannon Last Messages --------------- 09246_ LG-T63(u) builds Twisted Machinery. 09269_ LG-T63(u) tweaks Twisted Machinery. 09270_ Acquired Sub. Power Source. 09271_ Discarded Gun Armor. 09282_ Sneak attack on LG-T63(u). 09282_ Destroyed Multitool. 09282_ LG-T63(u) cries out in pain. 09282_ LG-T63(u) destroyed. 09284_ Acquired 10 matter. 09285_ L6-BVZ(R) angrily emerges from the Twisted Machinery. 09285_ L6-BVZ(R): "WEHOME!" 09287_ L6-BVZ(R) destroyed. 09295_ Dropped Broken Sub. Monowheel. 09296_ Acquired Wheel. 09302_ Acquired Sub. Shrapnel Launcher. 09305_ Dropped Beam Cannon. 09306_ Acquired Lgt. Ion Engine. 09395_ WD-4WM(R) destroyed. 09397_ Acquired 20 matter. Map ----- +----------------------------------------------------+ | ?????????????????????????????????????????????????? | | ?????????????????????????????????????????????????? | | ?????????????????????????????????????????????????? | | ?????????????????????????????????????????????????? | | ????????????????????????????????????????????###### | | ????????????????????????????????????????###?# | | ???????????????????????????????????????## ### """ | | ??????????????????? ?????????????????## ## " "" | | ???????????????????? ???????????###### ##"" %! | | ????????????????????? ?????????## ## ## ! | | ????????????????????? ?????????# ## " | | ?????????????????????? ??????### ## #" | | ??????????????????????# ????### ## "# | | ??????????????????????# ???# ### " | | ??????????????????????# ??## # ### | | ?????????????????????## #?# ## # ####### | | ????????????????????## ### ### # " # ##" | | ???????????????????## ##?## ## # | | ???????????????????# ##??# ## | | ??????????????????## ##?# ##### | | ??????????????????# ### ???## | | ????????????????""" "## #???###### | | ??????????????? "" """ "" #????????## | | ??????????????? ? """ ##="[" "" ##????????## | | ????????????????? " "??##&" ##########????????## | | ?????????????????""""""##@&##????????????????## | | ?????????????????""" ""!R"#?????????????????# | | ????????????????"" """*"#?????????????????#### | | ??????????????? "" ""##????????????????????## | | ??????????????? "" "##??????????????????????# | | ???????????????? ?#"" ""????????????????????????? | | ????????????????????""""#????????????????????????? | | ????????????????????"""#?????????????????????????? | | ???????????????????# #???????????????????????????? | | ?????????????????????????????????????????????????? | | ?????????????????????????????????????????????????? | | ?????????????????????????????????????????????????? | | ?????????????????????????????????????????????????? | | ?????????????????????????????????????????????????? | | ?????????????????????????????????????????????????? | | ?????????????????????????????????????????????????? | | ?????????????????????????????????????????????????? | | ?????????????????????????????????????????????????? | | #????????????????????????????????????###?????????? | | ###??#####?????????????????????###??##"####??????? | | #??# ##???????????????###### #??#" #""#??????? | | ##?? #???????????????#""## ##?##"%["#??????? | | #???# #???????????????#" ## ##?## ##"#?????? | | ##### ##??????????????# [ "###"# ##??????? | | # # #??????????????## ""#" ###"#??????? | +----------------------------------------------------+ Best States ------------- Heat Dissipation 25 Energy Generation 15 Energy Capacity 250 Matter Stores 300 Matter Capacity 300 Sight Range 16 Terrain Scan Density 10 Armor Coverage 150 Resistance: KI 35 Resistance: TH 35 Resistance: EX 35 Resistance: EM 35 Resistance: I 35 Resistance: S 35 Resistance: P 35 Core Shielding 20 Propulsion Shielding 33 Evasion (%) 55 Targeting Accuracy 10 Offensive Hacking 20 Item Schematics ----------------- None Robot Schematics ------------------ None Fabricated ------------ Nothing Alien Tech Used ----------------- None Achievements -------------- None Challenges ------------ None Game ------ Seed SensorRelayDeflector Manual? 0 Play Time 00:56:36 Cumulative 30.7 hours Start 2024.11.19 @ 15:51:17 End 2024.11.19 @ 23:29:42 Sessions 3 Manual Loads 0 Difficulty Explorer Special Mode None Game No. 16 Rogue 0 Adventurer 0 Explorer 16 Win Type - Total 0 Types 0/0/0/0/0/0/0/0/0 Lore% 18 Gallery% 27 Achievement% 24 Wizard Run 0 Options --------- Layout 1 ASCII 0 Keyboard 0 Movement Numpad Keybinds 0 Fullscreen 1 Font 24/Smallcaps Map View 50x35 Zoom Use 0% Tactical HUD 1 Map Filters NONE Filters NONE Steam 1 RUN: e0017f6d-f97e-431c-a9bc-cecb4fcdd5d3